[Event "Early-Titled-Tuesday-Blitz-February-06-2024"]
[Site "Chess.com"]
[Date "2024.02.06"]
[Round "11"]
[White "FrenchMonster2002"]
[Black "Aslanov_Umid"]
[Result "0-1"]
[WhiteElo "2479"]
[BlackElo "2675"]
[TimeControl "180+1"]
[EndTime "10:06:23 PST"]
[Termination "Aslanov_Umid won on time"]

1. e4 c5 2. Nc3 d6 3. d4 cxd4 4.
Qxd4 Nc6 5. Qd2 g6 6. b3 Bh6 7.
f4 Nf6 8. Bb2 O-O 9. O-O-O e5 10.
g3 Bg4 11. Be2 Nd4 12. Bxg4 Nxg4 13. Nd5 Nc6 14. Kb1 Nf6 15. Nxf6+ Qxf6 16. fxe5 Bxd2 17.
exf6 Bh6 18. Rxd6 Rfe8 19. Nf3 Rxe4 20. Rd7 b5 21. Rhd1 a5 22. Rc7 Re3 23. Rf1 Re6 24. Rd1 a4 25. a3 b4 26. axb4 axb3 27. cxb3 Nxb4 28. Rcd7 Rae8 29. Ne5 Rxe5 30. Bxe5 Rxe5 31. Re7 Re6 32. Rd8+ Bf8 33. Ree8 Rxe8 34. Rxe8 h5 35. Kb2 Nd5 36. Rd8 Nxf6 37. b4 Ne4 38. b5 Nd6 0-1

[Event "Early-Titled-Tuesday-Blitz-February-06-2024"]
[Site "Chess.com"]
[Date "2024.02.06"]
[Round "11"]
[White "Szachulec75"]
[Black "AlexandraSamaganova"]
[Result "0-1"]
[WhiteElo "2210"]
[BlackElo "2356"]
[TimeControl "180+1"]
[EndTime "10:06:23 PST"]
[Termination "AlexandraSamaganova won on time"]

1. Nf3 c5 2. g3 g6 3. Bg2 Bg7 4. d3 Nc6 5. O-O Nf6 6. e4 O-O 7. c3 d6 8. Nbd2 a6 9. a4 Rb8 10. Re1 b5 11. axb5 axb5 12. Qc2 b4 13. Nc4 Be6 14. Ne3 bxc3 15. bxc3 Bb3 16. Qe2 h6 17. Bd2 Be6 18. Rab1 Qd7 19. d4 cxd4 20. cxd4 d5 21. e5 Ne4 22. Rec1 Rxb1 23. Rxb1 Rb8 24. Rxb8+ Nxb8 25. Be1 Qa7 26. Qb5 Qa8 27. h3 Kh7 28. Qe8 Qb7 29.
Nd2 Nc3 30. Ndf1 Ne2+ 31. Kh2 Nxd4 32. f4 Na6 33. Ba5 Qb2 34. Kg1 Ne2+ 35. Kh2 d4 36.
Ng4 Bxg4 37. hxg4 Qa2 38. Qxf7 Qxf7 0-1

[Event "Early-Titled-Tuesday-Blitz-February-06-2024"]
[Site "Chess.com"]
[Date "2024.02.06"]
[Round "11"]
[White "VomDingJetztHer"]
[Black "Goryachkina"]
[Result "1/2-1/2"]
[WhiteElo "2513"]
[BlackElo "2670"]
[TimeControl "180+1"]
[EndTime "10:06:24 PST"]
[Termination "Game drawn by repetition"]

1. e4 e6 2. d4 d5 3. exd5 exd5 4.
Nf3 Nc6 5. c3 Bd6 6. Bd3 Nge7 7.
O-O O-O 8. Bg5 f6 9. Bh4 Kh8 10. Bg3 Bg4 11. Nbd2 b6 12. Re1 Nf5 13. Bxd6 Qxd6 14. h3 Bxf3 15. Qxf3 Nfe7 16. Qh5 f5 17. Nf3 Qg6 18. Qxg6 Nxg6 19. Bb5 Rf6 20. Re2 Na5 21.
Rae1 h6 22. b4 Nc4 23. Bxc4 dxc4 24. Re8+ Rxe8 25. Rxe8+ Kh7 26. Ne5 Nf4 27. Kf1 Nd5 28.
Rc8 b5 29. Nd7 Ra6 30. Nf8+ Kg8 31. Ng6+ Kh7 32. Nf8+ Kg8 33. Ng6+ Kh7 34. Nf8+ 1/2-1/2

[Event "Early-Titled-Tuesday-Blitz-February-06-2024"]
[Site "Chess.com"]
[Date "2024.02.06"]
[Round "11"]
[White "esrosenberg"]
[Black "BashirliSaadat"]
[Result "0-1"]
[WhiteElo "2416"]
[BlackElo "2349"]
[TimeControl "180+1"]
[EndTime "10:06:24 PST"]
[Termination "BashirliSaadat won on time"]

1. Nf3 d5 2. d4 Nf6 3. c3 c6 4. Qc2 g6 5. h3 Bf5 6. Qb3 Qb6 7. Bf4 Bg7 8. Nbd2 O-O 9. g4 Be6 10.
Bg2 Nbd7 11. Ng5 h6 12. Nxe6 fxe6 13. e3 Kh7 14. Qc2 c5 15. h4 Nxg4 16. h5 e5 17.
dxe5 Ngxe5 18. Bxd5 Qd6 19. hxg6+ Kh8 20. Be4 Rxf4 21.
exf4 Ng4 22. Nc4 Qxf4 23. f3 Qg3+ 24. Kf1 Nh2+ 25. Qxh2 Qg5 26. Rd1 Nf6 27. Qh4 Nxe4 28. Qxe4 Rf8 29. Rh3 e5 30. Kf2 h5 31. Rg1 Qh6 32. Nxe5 Qd2+ 33. Kg3 Qg5+ 34. Ng4 Kg8 35. Qe6+ Kh8 36. Rgh1 Qf4+ 37. Kh4 Bf6+ 38. Qxf6+ Rxf6 39. Kxh5 Rf5+ 0-1

[Event "Early-Titled-Tuesday-Blitz-February-06-2024"]
[Site "Chess.com"]
[Date "2024.02.06"]
[Round "11"]
[White "Narek_Ghimoyan"]
[Black "KhungThep"]
[Result "1-0"]
[WhiteElo "2435"]
[BlackElo "2565"]
[TimeControl "180+1"]
[EndTime "10:06:25 PST"]
[Termination "Narek_Ghimoyan won by resignation"]

1. d4 Nf6 2. c4 e6 3. Nf3 Bb4+ 4. Bd2 Qe7 5. Nc3 O-O 6. e3 b6 7. Bd3 Bb7 8. O-O d6 9. a3 Bxc3 10. Bxc3 Ne4 11. Nd2 Nxc3 12. bxc3 Nd7 13. Qc2 g6 14.
Be4 Bxe4 15. Qxe4 Nf6 16. Qc6 Qd7 17. Qxd7 Nxd7 18. a4 a5 19. Rab1 e5 20. Ne4 Kg7 21.
Ng5 h6 22. Nf3 Rfe8 23. Rb5 Rad8 24. Rfb1 Re7 25. Ne1 f5 26. Nd3 Ree8 27. g3 Kf6 28.
c5 dxc5 29. dxc5 e4 30. cxb6 c6 31. Rxa5 exd3 32. b7 d2 33. Rd1 Ne5 34. f4 Nc4 35.
Rc5 Nxe3 36. Rxc6+ Re6 37. Rxe6+ Kxe6 38. Rxd2 Rb8 39. Re2 Rxb7 40. Rxe3+ Kd5 41. a5 Kc4 42. Re6 Ra7 43. Rxg6 Rxa5 44. Rxh6 Kxc3 45. Re6 Kd4 46. Kg2 Ra7 47. h4 Rg7 48. Rf6 Ke4 49. Re6+ Kd4 50.
Re5 Rf7 51. Kh3 Rf8 52. h5 Rf7 53. Kh4 Rf8 54. h6 Rf7 55. Kg5 Rf8 56. h7 Rg8+ 57. hxg8=Q 1-0

[Event "Early-Titled-Tuesday-Blitz-February-06-2024"]
[Site "Chess.com"]
[Date "2024.02.06"]
[Round "11"]
[White "Barmen_EV"]
[Black "mkllnd1517"]
[Result "1-0"]
[WhiteElo "2489"]
[BlackElo "2350"]
[TimeControl "180+1"]
[EndTime "10:06:25 PST"]
[Termination "Barmen_EV won by checkmate"]

1. e4 e6 2. d4 d5 3. Nd2 Be7 4.
Ngf3 Nf6 5. Bd3 c5 6. c3 cxd4 7. cxd4 dxe4 8. Nxe4 Bd7 9. O-O Bc6 10. Re1 Nbd7 11. Nc3 O-O 12. Bc2 Nd5 13. a3 Rc8 14. Qd3 N7f6 15. Bg5 g6 16. Bh6 Re8 17. Ne5 Nxc3 18.
bxc3 Qd5 19. Qh3 Nd7 20. c4 Qd6 21. c5 Qxd4 22. Nxf7 Nxc5 23. Ne5 Bd5 24. Rad1 Qb2 25. Bxg6 hxg6 26. Bc1 Qb3 27. Qh6 Be4 28. Nxg6 Bf6 29.
Bg5 Bg7 30. Qh5 Bxg6 31. Qxg6 Qc3 32. Re3 Qb2 33. Rh3 Nd7 34. Qh7+ Kf8 35. Rf3+ Nf6 36. h4 Rcd8 37. Re1 Qb6 38. Rxf6+ Bxf6 39. Bh6+ Bg7 40. Qxg7# 1-0

[Event "Early-Titled-Tuesday-Blitz-February-06-2024"]
[Site "Chess.com"]
[Date "2024.02.06"]
[Round "11"]
[White "Willhaven3"]
[Black "deribas12345"]
[Result "0-1"]
[WhiteElo "2614"]
[BlackElo "2549"]
[TimeControl "180+1"]
[EndTime "10:06:27 PST"]
[Termination "deribas12345 won by checkmate"]

1. d4 Nf6 2. Nf3 c5 3. d5 b5 4. Bg5 g6 5. e3 b4 6. c4 Ne4 7.
Bh4 Bg7 8. Nbd2 Nd6 9. Qc2 Nf5 10.
Bg5 d6 11. h3 Na6 12. Bd3 b3 13. axb3 Nb4 14. Qb1 Nxd3+ 15. Qxd3 Bxb2 16. Ra2 Bg7 17. O-O h6 18. Bf4 g5 19. Bh2 O-O 20. g4 Nh4 21. Nxh4 gxh4 22. e4 h5 23. f3 Bd4+ 24.
Kh1 e5 25. dxe6 Bxe6 26. b4 Rb8 27. b5 Rxb5 28. Rxa7 Rb2 29. Ra6 Qg5 30. f4 Qg7 31. f5 hxg4 32. fxe6 g3 33. Bxg3 hxg3 34. Kg2 Qg5 35.
Rd1 fxe6 36. Kh1 g2+ 37. Kh2 g1=Q+ 38. Rxg1 Qxg1# 0-1

[Event "Early-Titled-Tuesday-Blitz-February-06-2024"]
[Site "Chess.com"]
[Date "2024.02.06"]
[Round "11"]
[White "cthulhuuu"]
[Black "kecalk"]
[Result "1-0"]
[WhiteElo "2415"]
[BlackElo "2500"]
[TimeControl "180+1"]
[EndTime "10:06:28 PST"]
[Termination "cthulhuuu won on time"]

1. e4 c5 2. Nf3 Nc6 3. g3 Nf6 4. d3 d5 5. Nbd2 g6 6. Bg2 Bg7 7.
O-O O-O 8. Re1 e5 9. exd5 Nxd5 10. Nc4 f6 11. a4 b6 12. c3 Bb7 13. Qb3 Kh8 14. a5 Rb8 15. axb6 axb6 16. Qb5 Qc7 17. Bd2 Rfd8 18. h4 Nce7 19. h5 Bc6 20. Qb3 g5 21. h6 Bxh6 22. Nfxe5 fxe5 23. Nxe5 Be8 24. Ng4 Bg7 25.
Bxg5 Qd6 26. Ra7 Rd7 27. Rxd7 Bxd7 28. Ne3 Nxe3 29. Rxe3 Ng6 30. Be7 Qc7 31. Qd5 Bg4 32. Bd6 Qc8 33. Bxb8 Qxb8 34. Qc6 1-0

[Event "Early-Titled-Tuesday-Blitz-February-06-2024"]
[Site "Chess.com"]
[Date "2024.02.06"]
[Round "11"]
[White "kpio91"]
[Black "GMBenjaminBok"]
[Result "1-0"]
[WhiteElo "2901"]
[BlackElo "2985"]
[TimeControl "180+1"]
[EndTime "10:06:29 PST"]
[Termination "kpio91 won by resignation"]

1. e4 c5 2. Nc3 d6 3. Bb5+ Bd7 4. a4 g6 5. f4 Bg7 6. Nf3 e6 7. O-O Ne7 8. d3 O-O 9. Be3 Nbc6 10. d4 cxd4 11. Nxd4 Na5 12. Qd3 Rc8 13. b3 a6 14.
Bxd7 Qxd7 15. Nde2 Qc7 16. Bd4 e5 17. fxe5 dxe5 18. Bf2 Nac6 19. Bc5 Nd4 20. Bxe7 Qxe7 21. Nd5 Qc5 22. Nxd4 exd4 23. Rf2 f5 24. Raf1 Rce8 25. b4 Qd6 26. Qb3 Kh8 27. exf5 gxf5 28. g3 Re5 29. Nf4 Re3 30. Qc4 Rc3 31. Qe6 Qxb4 32. Nd5 Qc4 33. Rxf5 Rxf5 34. Qe8+ Bf8 35. Rxf5 Kg7 1-0

[Event "Early-Titled-Tuesday-Blitz-February-06-2024"]
[Site "Chess.com"]
[Date "2024.02.06"]
[Round "11"]
[White "Mackster23"]
[Black "TigrVShlyape"]
[Result "1-0"]
[WhiteElo "2759"]
[BlackElo "2933"]
[TimeControl "180+1"]
[EndTime "10:06:29 PST"]
[Termination "Mackster23 won on time"]

1. e4 g6 2. d4 Bg7 3. Nc3 d6 4. Be3 a6 5. Qd2 b5 6. O-O-O Bb7 7. f3 Nd7 8. h4 h5 9. Nh3 e6 10. Ng5 Ngf6 11. g3 Qe7 12. Bh3 c5 13. dxc5 dxc5 14.
Bf4 b4 15. Bd6 bxc3 16. Qxc3 Qd8 17. Qb3 Qb6 18. Bxe6 Qxb3 19. Bxb3 O-O-O 20. Nxf7 Rde8 21. Nxh8 Rxh8 22. Bf7 Ne8 23. Bf4 Ne5 24. Be6+ Kb8 25. Rd7 Bf6 26. Rf7 Ka8 27. Rxf6 Nxf6 28. Bxe5 Re8 29.
Bxf6 Rxe6 30. Bg5 Bc6 31. Rd1 Kb7 32. c4 Kc7 33. Bf4+ Kb7 34. Rd6 Rxd6 35. Bxd6 Kb6 36. Kd2 Bd7 37. Ke3 Kc6 38. Be7 Be6 39. b3 Bh3 40. Kf4 Bg2 41. g4 1-0

[Event "Early-Titled-Tuesday-Blitz-February-06-2024"]
[Site "Chess.com"]
[Date "2024.02.06"]
[Round "11"]
[White "Orphanator2009"]
[Black "Maxfan2008"]
[Result "1-0"]
[WhiteElo "2476"]
[BlackElo "2552"]
[TimeControl "180+1"]
[EndTime "10:06:29 PST"]
[Termination "Orphanator2009 won on time"]

1. e4 c5 2. Nf3 d6 3. d4 cxd4 4. Nxd4 Nf6 5. Nc3 a6 6. f3 e5 7. Nb3 Be6 8. Be3 Be7 9. Qd2 O-O 10.
O-O-O Nbd7 11. g4 b5 12. g5 Ne8 13. f4 b4 14. Ne2 a5 15. f5 a4 16. fxe6 axb3 17.
cxb3 fxe6 18. Bh3 Rxa2 19. Bxe6+ Kh8 20. Kb1 Qa8 21. Ng3 Ra1+ 22. Kc2 Qc6+ 23. Bc4 Rxd1 24.
Rxd1 Nc7 25. Kb1 Nb6 26. Bxb6 Qxb6 27. Rf1 Ra8 28. Rf7 Bf8 29. Qf2 Qxf2 30. Rxf2 g6 31. Rf7 Rc8 32. Nf1 d5 33. exd5 Bc5 34. Nd2 Ne8 35. Ne4 Nd6 36. Nxd6 Bxd6 37. Rd7 Bb8 38. d6 e4 39. Kc2 Re8 40. Re7 Rd8 41. d7 Bc7 42.
Kd2 Bb6 43. Ke2 e3 44. Kd3 1-0

[Event "Early-Titled-Tuesday-Blitz-February-06-2024"]
[Site "Chess.com"]
[Date "2024.02.06"]
[Round "11"]
[White "Yurovskykh_Oleksandr"]
[Black "DonMicheleCorleone"]
[Result "0-1"]
[WhiteElo "2645"]
[BlackElo "2486"]
[TimeControl "180+1"]
[EndTime "10:06:31 PST"]
[Termination "DonMicheleCorleone won on time"]

1. d4 d5 2. Bf4 Bf5 3. c4 dxc4 4. Nc3 Nf6 5. f3 Nd5 6. Nxd5 Qxd5 7. e4 Bxe4 8. fxe4 Qxe4+ 9. Ne2 e5 10. Bxe5 Nc6 11. Bxc7 Rc8 12. Bg3 Nb4 13. Qa4+ Rc6 14. O-O-O b5 15.
Nc3 Qe3+ 16. Kb1 bxa4 17. Re1 Qxe1+ 18. Bxe1 Nd3 19. Bxd3 cxd3 20. Nxa4 Rc2 21. g4 Bd6 22.
Bc3 Rxh2 23. Rd1 Rh3 24. Nc5 Bxc5 25. dxc5 Kd7 26. g5 Kc6 27. Bxg7 Re8 28. b4 Re2 29.
Bc3 Kb5 30. Bd2 Rg3 31. Kb2 Kc4 32. Rc1+ Kd4 33. c6 Rxd2+ 34. Kb3 Re2 35. c7 d2+ 0-1

[Event "Early-Titled-Tuesday-Blitz-February-06-2024"]
[Site "Chess.com"]
[Date "2024.02.06"]
[Round "11"]
[White "SergioMoralesG"]
[Black "xberli"]
[Result "0-1"]
[WhiteElo "2456"]
[BlackElo "2563"]
[TimeControl "180+1"]
[EndTime "10:06:31 PST"]
[Termination "xberli won on time"]

1. d4 Nf6 2. g3 c5 3. d5 e6 4. Nc3 d6 5. Bg2 g6 6. dxe6 fxe6 7. Bg5 Bg7 8. Qd2 O-O 9. O-O-O d5 10. e4 Qa5 11.
exd5 Nxd5 12. Nxd5 Qxa2 13. Ne7+ Kh8 14. c3 Nc6 15. Bxc6 bxc6 16. Nxc8 Raxc8 17. Qc2 Rb8 18. Nh3 Rb3 19. Nf4 Rfb8 20. Rd8+ Rxd8 21. Bxd8 Bxc3 22.
bxc3 Qa3+ 23. Kd2 Rb2 24. Bf6+ Kg8 25. Rb1 Rxc2+ 26. Kxc2 Qa4+ 27. Kd2 Qe4 28. Rb7 e5 29. Rg7+ Kf8 30. Rxh7 exf4 31. g4 f3 32. g5 Qe2+ 33. Kc1 Qxf2 0-1

[Event "Early-Titled-Tuesday-Blitz-February-06-2024"]
[Site "Chess.com"]
[Date "2024.02.06"]
[Round "11"]
[White "Zohid6"]
[Black "shimastream"]
[Result "0-1"]
[WhiteElo "2878"]
[BlackElo "3020"]
[TimeControl "180+1"]
[EndTime "10:06:33 PST"]
[Termination "shimastream won on time"]

1. e4 b6 2. d4 Bb7 3. Nc3 e6 4. a3 Nf6 5. e5 Nd5 6. Nxd5 Bxd5 7. c4 Bb7 8. Nf3 d6 9. exd6 Bxd6 10. Bd3 Nd7 11. O-O O-O 12. Re1 Re8 13. b3 c5 14.
Bb2 cxd4 15. Nxd4 Nf6 16. Qe2 a6 17. Rad1 Qc7 18. h3 Rad8 19. Bb1 Ba8 20. b4 Rc8 21. Bd3 Qb7 22. Nf3 e5 23. Bxh7+ Nxh7 24. Rxd6 Ng5 25. Qd3 Rxc4 26. Rxe5 Nxf3+ 27. gxf3 Rcc8 28. Rh5 Re1+ 29. Kh2 Qxf3 30. Qh7+ Kf8 31. Qxg7+ Ke7 32.
Re5+ Kxd6 33. Qh6+ f6 0-1

[Event "Early-Titled-Tuesday-Blitz-February-06-2024"]
[Site "Chess.com"]
[Date "2024.02.06"]
[Round "11"]
[White "Manukyan_Artak"]
[Black "yobdc"]
[Result "0-1"]
[WhiteElo "2475"]
[BlackElo "2598"]
[TimeControl "180+1"]
[EndTime "10:06:33 PST"]
[Termination "yobdc won on time"]

1. e4 c6 2. d4 d5 3. e5 Bf5 4.
c4 dxc4 5. Bxc4 e6 6. Nf3 Nd7 7. Nc3 Nb6 8. Bb3 Bg4 9. Be3 Ne7 10. h3 Bxf3 11. Qxf3 Nf5 12. O-O-O a5 13. a3 a4 14. Ba2 Nd5 15. Nxd5 cxd5 16. Kb1 Ne7 17. Rc1 Nc6 18. Qg4 Qb6 19. Ka1 Na5 20. Rc3 h5 21. Qg3 Nc6 22. Rhc1 g6 23. Bb1 Be7 24. f4 h4 25. Qf2 Kf8 26.
g4 hxg3 27. Qxg3 Nxd4 28. Bxd4 Qxd4 29. Rc8+ Rxc8 30. Rxc8+ Kg7 31. Rxh8 Kxh8 32. Bc2 b5 33. Qd3 Qxf4 34. Qxb5 Qc1+ 35. Bb1 Kg7 36. Qxa4 Bg5 37. Qc2 Qe1 0-1

[Event "Early-Titled-Tuesday-Blitz-February-06-2024"]
[Site "Chess.com"]
[Date "2024.02.06"]
[Round "11"]
[White "Elegance_Riks"]
[Black "HansOnTwitch"]
[Result "0-1"]
[WhiteElo "2782"]
[BlackElo "3158"]
[TimeControl "180+1"]
[EndTime "10:06:34 PST"]
[Termination "HansOnTwitch won by resignation"]

1. e4 c5 2. c3 d5 3. exd5 Nf6 4. Bb5+ Nbd7 5. d4 a6 6. Be2 Nxd5 7. Bf3 N5f6 8. Ne2 e5 9. Ng3 cxd4 10. cxd4 Bb4+ 11. Nc3 O-O 12. O-O Re8 13. a3 Bf8 14. Be3 g6 15. Re1 exd4 16. Bxd4 Rxe1+ 17. Qxe1 Bc5 18. Rd1 Bxd4 19. Rxd4 Qf8 20. Qd2 Kg7 21. h4 Ne5 22.
Rd8 Qe7 23. h5 h6 24. hxg6 fxg6 25. Rd4 Be6 26. Bd5 Re8 27. Bxe6 Qxe6 28. Nge4 Nc6 29.
Nxf6 Qxf6 30. Rd6 Qe5 31. Rd7+ Re7 32. Rxe7+ Qxe7 33. Ne2 h5 34. Qc3+ Qf6 35. Qd2 Ne5 36.
Qe3 Ng4 37. Qd4 Qxd4 38. Nxd4 Kf6 39. f3 Ne3 40. b4 Ke5 41. Nb3 b6 42. a4 Nc2 43. b5 axb5 44. axb5 Na3 45. Kf2 Nxb5 46. Kg3 Nd4 47. Nd2 b5 48. f4+ Kf5 49. Nf3 Nxf3 50.
Kxf3 b4 51. Ke3 b3 0-1

[Event "Early-Titled-Tuesday-Blitz-February-06-2024"]
[Site "Chess.com"]
[Date "2024.02.06"]
[Round "11"]
[White "FlemingA"]
[Black "WiktoriaPOL"]
[Result "1-0"]
[WhiteElo "2420"]
[BlackElo "2275"]
[TimeControl "180+1"]
[EndTime "10:06:34 PST"]
[Termination "FlemingA won on time"]

1. f4 d5 2. Nf3 Nf6 3. g3 g6 4.
Bg2 Bg7 5. O-O O-O 6. d3 c5 7.
Nc3 Nc6 8. e4 d4 9. Ne2 e5 10.
f5 Qc7 11. Nh4 b5 12. Bg5 c4 13. h3 Ne7 14. g4 h6 15. Bd2 g5 16. Nf3 Bb7 17. Ng3 c3 18. bxc3 dxc3 19. Be3 Nc6 20.
Nxg5 hxg5 21. Bxg5 Nh7 22. Be3 f6 23. Nh5 Nd4 24. h4 Qf7 25. Kh2 Rfd8 26. Rg1 Kf8 27. Rb1 a6 28. a4 Bc6 29. a5 Rab8 30. g5 fxg5 31. hxg5 Qc7 32. f6 Bh8 33. Bh3 Be8 34. Ng3 Bg6 35. Rf1 Qf7 36. Kg2 Ne6 37. Nf5 Nhxg5 38.
Qg4 Nxh3 39. Qxh3 Bxf6 40. Qh6+ Bg7 41. Nxg7 Nxg7 42. Qxg6 1-0

[Event "Early-Titled-Tuesday-Blitz-February-06-2024"]
[Site "Chess.com"]
[Date "2024.02.06"]
[Round "11"]
[White "campochess"]
[Black "frequentblunders"]
[Result "1/2-1/2"]
[WhiteElo "2087"]
[BlackElo "2167"]
[TimeControl "180+1"]
[EndTime "10:06:34 PST"]
[Termination "Game drawn by repetition"]

1. e4 e6 2. Qe2 c5 3. c3 Be7 4. d4 d5 5. e5 b6 6. f4 Ba6 7. Qg4 Bxf1 8. Qxg7 Bxg2 9. Qxg2 Bh4+ 10. Kd1 Ne7 11. Nf3 Rg8 12. Qh3 Nf5 13. Na3 Nc6 14.
Nc2 Rg6 15. Bd2 Rh6 16. Qg2 Qe7 17. Rb1 O-O-O 18. b4 c4 19. b5 Na5 20. Nb4 Qf8 21. Rg1 Rg6 22. Qf1 Be7 23. Na6 Qh6 24. Ke2 Rdg8 25. Qf2 Nb7 26. Rxg6 hxg6 27. Rg1 Rh8 28. Rg2 Bh4 29. Qg1 Be7 30. Be1 Bh4 31. Bg3 Bxg3 32. hxg3 Qh7 33. Rh2 Qg7 34. Rxh8+ Qxh8 35. Kf2 Kd7 36. Qh2 Qxh2+ 37. Nxh2 Nd8 38. Ng4 Ng7 39. Nf6+ Ke7 40. Nb8 Ne8 41. Nxe8 Kxe8 42. g4 Ke7 43. Kf3 Ke8 44. f5 Ke7 45. fxg6 fxg6 46. Kf4 Kf7 47. Kg5 Kg7 48. Nc6 Nf7+ 49. Kf4 g5+ 50. Kg3 Kf8 51. Nxa7 Nd8 52. Nc6 Nxc6 53. bxc6 Ke7 54. Kf3 Kd8 55. Ke3 Kc7 56. Kd2 Kxc6 57. Kc2 Kb5 58. a3 Ka5 59. Kb2 Ka4 60. Ka2 Ka5 61. Kb2 Ka4 62. Ka2 Ka5 63. Kb2 1/2-1/2

[Event "Early-Titled-Tuesday-Blitz-February-06-2024"]
[Site "Chess.com"]
[Date "2024.02.06"]
[Round "11"]
[White "KetiTsatsalashvili"]
[Black "aghasiyevkamal"]
[Result "1-0"]
[WhiteElo "2480"]
[BlackElo "2645"]
[TimeControl "180+1"]
[EndTime "10:06:35 PST"]
[Termination "KetiTsatsalashvili won by resignation"]

1. d4 d5 2. Nf3 Nf6 3. e3 g6 4. h3 Bg7 5. b3 O-O 6. Bb2 c5 7. Bd3 Nc6 8. Nbd2 cxd4 9. exd4 Nh5 10. O-O Nf4 11. Re1 Nxd3 12. cxd3 Bf5 13. Nf1 Nb4 14.
Ne3 Nxd3 15. Nxf5 Nxb2 16. Nxe7+ Kh8 17. Qd2 Re8 18. Nxg6+ hxg6 19. Qxb2 Re4 20. Ne5 Kg8 21. f3 Rxe1+ 22. Rxe1 Rc8 23. Rc1 Rc7 24. Rxc7 Qxc7 25. f4 b5 26. Kh2 a5 27. Qe2 b4 28. Qf3 Qc1 29. f5 Qc3 30. fxg6 fxg6 31. Qxd5+ Kh7 32. Qe4 Bxe5+ 33. dxe5 Kg7 34. h4 Qc7 35. Kh3 Qc3+ 36. Kg4 Qc7 37. e6 Kh7 38. e7 Qd7+ 39. Kf4 Qe8 40. Qe6 Kh6 41. Qf6 Qb8+ 42. Kf3 Qb7+ 43.
Kf2 Qb6+ 44. Qxb6 1-0

[Event "Early-Titled-Tuesday-Blitz-February-06-2024"]
[Site "Chess.com"]
[Date "2024.02.06"]
[Round "11"]
[White "Leebit02"]
[Black "angelgab3"]
[Result "0-1"]
[WhiteElo "2558"]
[BlackElo "2741"]
[TimeControl "180+1"]
[EndTime "10:06:35 PST"]
[Termination "angelgab3 won on time"]

1. d4 Nf6 2. Nf3 d5 3. c4 e6 4. g3 dxc4 5. Bg2 a6 6. O-O Nc6 7. Qd2 Bb4 8. Qc2 b5 9. Rd1 Bd7 10. a4 Rb8 11. e4 O-O 12. Bg5 Be7 13. Qe2 Re8 14. Na3 h6 15. Bf4 Nb4 16. Ne5 Qc8 17.
h4 Bd6 18. h5 Nh7 19. Qf3 Rf8 20. Ng4 Bxf4 21. Qxf4 Kh8 22. Rac1 Na2 23. Rc2 Nb4 24. Rcd2 Qd8 25. e5 Qg5 26. Ne3 Qxf4 27. gxf4 c6 28.
f5 Nd5 29. Nxd5 cxd5 30. f4 b4 31. Nb1 Bxa4 32. Re1 Rfc8 33. Rf2 c3 34. bxc3 bxc3 35. Rc1 c2 36. Na3 Rb2 37. Bf1 Ra2 38. Bxa6 Ra8 0-1

[Event "Early-Titled-Tuesday-Blitz-February-06-2024"]
[Site "Chess.com"]
[Date "2024.02.06"]
[Round "11"]
[White "Msb2"]
[Black "KaterynaLagno"]
[Result "1/2-1/2"]
[WhiteElo "2980"]
[BlackElo "2822"]
[TimeControl "180+1"]
[EndTime "10:06:36 PST"]
[Termination "Game drawn - insufficient material"]

1. d4 Nf6 2. c4 e6 3. Nc3 d5 4. cxd5 exd5 5. Bg5 Be7 6. e3 O-O 7. Bd3 Re8 8. Nf3 c6 9. h3 Ne4 10. Bf4 Bf5 11. Qc2 Nd7 12. O-O Ndf6 13. Ne5 Bf8 14.
f3 Nxc3 15. bxc3 Bxd3 16. Qxd3 Nd7 17. Ng4 b5 18. e4 dxe4 19. fxe4 Nc5 20. Qf3 Nxe4 21.
Ne5 Qd5 22. Rae1 Nf6 23. Nxc6 Qxf3 24. gxf3 Nd5 25. Bd2 Rec8 26. Re5 Nxc3 27. Bxc3 Rxc6 28. Ba5 a6 29. Rd1 f6 30. Re2 Rac8 31. d5 Rc2 32. Rxc2 Rxc2 33. d6 Bxd6 34. Rxd6 Rxa2 35. Rxa6 b4 36.
Ra8+ Kf7 37. Ra7+ Ke6 38. Bb6 Rxa7 39. Bxa7 b3 40. Bd4 Kd5 41. Ba1 Kc4 42. Kf2 Kd3 43.
Kg3 Kc2 44. Kf4 b2 45. Bxb2 Kxb2 46. Kf5 Kc3 47. Ke6 Kd4 48. Kf7 Ke3 49. Kxg7 f5 50. Kxh7 Kxf3 51. Kg6 f4 52. h4 Kg4 53. h5 f3 54. h6 f2 55. h7 f1=Q 56. h8=Q Qf5+ 57. Kg7 Qe5+ 58. Kh7 Qxh8+ 59. Kxh8 1/2-1/2

[Event "Early-Titled-Tuesday-Blitz-February-06-2024"]
[Site "Chess.com"]
[Date "2024.02.06"]
[Round "11"]
[White "ccccvhhhj"]
[Black "soloderisas"]
[Result "1-0"]
[WhiteElo "2458"]
[BlackElo "2521"]
[TimeControl "180+1"]
[EndTime "10:06:38 PST"]
[Termination "ccccvhhhj won on time"]

1. e4 e5 2. Nf3 Nc6 3. d4 exd4 4.
Nxd4 Bc5 5. Nb3 Bb6 6. Nc3 Nf6 7. Qe2 d6 8. Be3 O-O 9. O-O-O Bd7 10. f3 Re8 11. g4 Ne5 12. h3 Ng6 13. h4 Ne5 14.
Bh3 Qc8 15. h5 h6 16. Rdg1 Nh7 17. Kb1 f6 18. Nd5 Bxe3 19. Qxe3 c6 20. Nc3 Be6 21. f4 Nc4 22. Qg3 b5 23. g5 Bxh3 24. gxh6 Re7 25. Rxh3 b4 26. Ne2 a5 27. Ned4 a4 28. Nf5 Rb7 29.
Nxg7 axb3 30. Ne8+ Ng5 31. fxg5 Nd2+ 32. Kc1 Nxe4 33.
Nxf6+ Nxf6 34. gxf6+ Kh8 35. Qxb3 d5 36. Rhg3 Qf5 37.
Rg7 Rab8 38. Qg3 Qxf6 39. Rxb7 1-0

[Event "Early-Titled-Tuesday-Blitz-February-06-2024"]
[Site "Chess.com"]
[Date "2024.02.06"]
[Round "11"]
[White "ActorXu"]
[Black "Caroexpert"]
[Result "0-1"]
[WhiteElo "2821"]
[BlackElo "2591"]
[TimeControl "180+1"]
[EndTime "10:06:39 PST"]
[Termination "Caroexpert won by checkmate"]

1. e4 c6 2. d4 d5 3. e5 Bf5 4. h4 Qb6 5. g4 Bd7 6. h5 c5 7. dxc5 Qxc5 8. Be3 Qc7 9. f4 e6 10. Nf3 Nc6 11. Nc3 f6 12. Nb5 Qb8 13. Qd2 a6 14.
Nbd4 Nge7 15. O-O-O fxe5 16. fxe5 Nxd4 17. Bxd4 Nc6 18.
Bd3 Nxd4 19. Nxd4 Bc5 20. h6 Qxe5 21. Nf3 Qf6 22. Rdf1 O-O-O 23. Ng5 Qe5 24. Nf7 Qg3 25. Qc3 Qe3+ 26. Kb1 Rhf8 27. hxg7 Rg8 28. Nxd8 Kxd8 29. Rxh7 Bd4 30. Rf8+ Ke7 31. a3 Bxc3 32. Rxg8 Qb6 33. Re8+ Kd6 34. Kc1 Qg1+ 35. Bf1 Qxf1# 0-1

[Event "Early-Titled-Tuesday-Blitz-February-06-2024"]
[Site "Chess.com"]
[Date "2024.02.06"]
[Round "11"]
[White "Nuvas"]
[Black "Sam_ChessMood"]
[Result "0-1"]
[WhiteElo "2782"]
[BlackElo "2921"]
[TimeControl "180+1"]
[EndTime "10:06:42 PST"]
[Termination "Sam_ChessMood won by resignation"]

1. d4 Nf6 2. c4 e6 3. Nc3 Bb4 4. Qc2 d5 5. a3 Bxc3+ 6. Qxc3 O-O 7. Nf3 dxc4 8. Qxc4 b6 9. Bg5 Bb7 10. Rc1 Nbd7 11.
Qxc7 Qxc7 12. Rxc7 Bd5 13. Ne5 Rfc8 14. Rxd7 Nxd7 15.
Nxd7 f6 16. Bxf6 Rc1+ 17. Kd2 Rac8 18. Nc5 Rb1 19. e4 gxf6 20. exd5 bxc5 21. dxe6 cxd4 22.
Ba6 Rxh1 23. Bxc8 Kf8 24. Kd3 Rf1 25. Ke2 Rb1 26. b4 Rb3 27. f4 Rxa3 28. f5 Rb3 29. g4 h6 30. Ba6 Rxb4 31. Kd3 Ke7 32. h4 Rb3+ 33. Kxd4 Rh3 34. h5 Rg3 35. Be2 a5 36. Ke4 a4 37. Kf4 Rc3 38. g5 hxg5+ 39. Kg4 Rc2 40. Bf3 a3 41. Bd5 Rh2 42. Bb3 Rh4+ 43. Kg3 0-1

[Event "Early-Titled-Tuesday-Blitz-February-06-2024"]
[Site "Chess.com"]
[Date "2024.02.06"]
[Round "11"]
[White "bulletteemo"]
[Black "mbchess97"]
[Result "0-1"]
[WhiteElo "2536"]
[BlackElo "2467"]
[TimeControl "180+1"]
[EndTime "10:06:42 PST"]
[Termination "mbchess97 won by checkmate"]

1. e4 c5 2. Nf3 d6 3. d4 cxd4 4.
Nxd4 Nf6 5. Nc3 Nc6 6. Bc4 Qb6 7. Nb3 e6 8. Be3 Qb4 9. Bd3 d5 10. a3 Qe7 11. O-O Qd8 12. exd5 exd5 13. Re1 Be7 14.
Nd4 Bg4 15. Be2 Bd7 16. Bf3 Nxd4 17. Bxd4 Be6 18. Bxf6 Bxf6 19. Nxd5 Bxb2 20. Rb1 Bxa3 21. Qd3 Bd6 22. Qb5+ Qd7 23. Qxd7+ Kxd7 24. Rxb7+ Kc8 25. Ne7+ Bxe7 26. Rxe7 Rb8 27. Rxa7 Rd8 28. h4 Rd2 29. c4 Rbb2 30. Rf1 Bxc4 31. Rc1 Rbc2 32. Re1 Be6 33. Rb1 Rc7 34. Ra8+ Kd7 35. Rg8 g6 36. h5 Ke7 37. h6 Kf6 38. Rh8 Rc8 39. Rxh7 Rdc2 40.
Rg7 Rh8 41. Bd1 Rd2 42. Bb3 Bxb3 43. Rxb3 Rxh6 44. Rg8 Rd1# 0-1